[Event "Team 45 45 League T88"]
[Site "Internet Chess Club"]
[Date "2021.05.02"]
[Round "4"]
[White "eevee11"]
[Black "GoIrish"]
[Result "1-0"]
[WhiteElo "1180"]
[BlackElo "1369"]
[Opening "French: Tarrasch, Guimard variation"]
[ECO "C04"]
[Time "19:00:33"]
[TimeControl "2700+45"]

1. e4 e6 2. d4 d5 3. Nd2 Nc6 4. c3 Nf6 5. e5 Nd7 6. Bd3 Ne7 7. Ne2 c5 8. O-O
cxd4 9. cxd4 Nc6 10. Re1 Qb6 11. Nf3 Be7 12. b3 O-O 13. Bd2 f6 14. exf6 Bxf6 15.
Bc3 e5 16. dxe5 Ndxe5 17. Nxe5 Nxe5 18. Bc2 Be6 19. Nf4 Qd6 20. Qh5 Ng6 21. Bxf6
Rxf6 22. Nxg6 hxg6 23. Bxg6 Rc8 24. Qh7+ Kf8 25. Qh8+ Ke7 26. Qxg7+ Rf7 27.
Qxf7+ Kd8 28. Qxe6 {Black resigns} 1-0

[Event "Team 45 45 League T88"]
[Site "Internet Chess Club"]
[Date "2021.05.02"]
[Round "4"]
[White "seattleblues"]
[Black "buptwy"]
[Result "1-0"]
[WhiteElo "1335"]
[BlackElo "1111"]
[Opening "Grünfeld: 5.Bf4"]
[ECO "D92"]
[Time "21:03:01"]
[TimeControl "2700+45"]

1. d4 Nf6 2. Nf3 g6 3. c4 Bg7 4. Nc3 d5 5. Bf4 c6 6. e3 Nh5 7. Bg5 O-O 8. Be2
dxc4 9. Bxc4 Nf6 10. O-O Bg4 11. h3 Bf5 12. Rc1 Na6 13. a3 Qb6 14. Na4 Qd8 15.
Bxa6 bxa6 16. Rxc6 Bd7 17. Rxa6 Bb5 18. Nc5 Bxa6 19. Nxa6 Rc8 20. Nc5 Qa5 21.
Ne5 Nh5 22. Bxe7 Rfe8 23. Bd6 Rc6 24. Nxc6 Qb6 25. Qf3 Re6 26. Nxe6 fxe6 27.
Ne7+ Kh8 28. Bc5 Qb8 29. Nc6 Qa8 30. Bxa7 Nf6 31. Bc5 Qg8 32. Ne5 Nh5 33. Qb7
Bxe5 34. dxe5 Ng7 35. Rd1 Nh5 36. Qb6 Ng7 37. Rd8 Ne8 38. Qc6 Ng7 39. Rxg8+ Kxg8
40. Qc8+ Ne8 41. Qxe8+ Kg7 42. Qf8# {Black checkmated} 1-0

[Event "Team 45 45 League T88"]
[Site "Internet Chess Club"]
[Date "2021.04.29"]
[Round "4"]
[White "harrington"]
[Black "cayo89"]
[Result "1-0"]
[WhiteElo "1499"]
[BlackElo "1458"]
[Opening "Philidor: Improved Hanham variation"]
[ECO "B07"]
[Time "20:00:36"]
[TimeControl "2700+45"]

1. e4 d6 2. d4 Nf6 3. Nc3 Nbd7 4. Nf3 e5 5. g4 h6 6. Rg1 Be7 7. Be2 c6 8. Be3
Qc7 9. Qd2 b5 10. a3 a5 11. h4 Bb7 12. g5 hxg5 13. hxg5 Nh5 14. Rh1 g6 15. O-O-O
b4 16. Nb1 c5 17. dxe5 Nxe5 18. Nxe5 dxe5 19. f3 Bc6 20. Bc4 Rd8 21. Qf2 Rxd1+
22. Kxd1 Bd7 23. Kc1 Kf8 24. f4 f5 25. gxf6 Bxf6 26. Bxc5+ Kg7 27. f5 g5 28. Nd2
bxa3 29. Bxa3 Nf4 30. Rxh8 Kxh8 31. Qh2+ Kg7 32. Bf8+ Kxf8 33. Qh7 {Black
resigns} 1-0

[Event "Team 45 45 League T88"]
[Site "Internet Chess Club"]
[Date "2021.05.02"]
[Round "4"]
[White "liujf"]
[Black "Electryon"]
[Result "1-0"]
[WhiteElo "1591"]
[BlackElo "1370"]
[Opening "Queen's pawn"]
[ECO "A40"]
[Time "16:09:28"]
[TimeControl "2700+45"]

1. d4 e6 2. Bf4 f5 3. e3 Nf6 4. Nd2 b6 5. c3 Bb7 6. Ngf3 Bd6 7. Bxd6 cxd6 8. Bd3
O-O 9. Qb3 Ne4 10. Nc4 d5 11. Ncd2 Nc6 12. Nf1 Qe8 13. Ng3 d6 14. Nd2 Qg6 15.
Ndxe4 dxe4 16. Bc4 d5 17. Be2 f4 18. exf4 Rxf4 19. O-O Raf8 20. Qc2 Ne7 21. Rac1
Nf5 22. Qd2 Nxg3 23. hxg3 R4f6 24. Rc2 Qf7 25. f3 Qc7 26. f4 g5 27. c4 Qg7 28.
fxg5 Rxf1+ 29. Bxf1 Rf5 30. cxd5 Rxd5 31. Qf4 Qxd4+ 32. Kh2 Rc5 33. Qb8+ Bc8 34.
Rxc5 Qxc5 35. Ba6 Qf8 36. Qxc8 Qxc8 37. Bxc8 e3 38. Kg1 e5 39. Kf1 Kg7 40. Ke2
Kg6 41. Kxe3 Kxg5 42. Ke4 Kf6 43. g4 h6 44. a3 a5 45. a4 Kg5 46. g3 h5 47. gxh5
Kxh5 48. Kxe5 Kg5 49. Kd6 Kf6 50. Kc6 Ke7 51. Kxb6 Kd8 52. Bh3 {Black resigns}
1-0

[Event "Team 45 45 League T88"]
[Site "Internet Chess Club"]
[Date "2021.04.30"]
[Round "4"]
[White "tryanything"]
[Black "vhuffst"]
[Result "1-0"]
[WhiteElo "1469"]
[BlackElo "1333"]
[Opening "Petrov: Nimzovich attack"]
[ECO "C42"]
[Time "19:29:26"]
[TimeControl "2700+45"]

1. e4 e5 2. Nf3 Nf6 3. Nxe5 d6 4. Nf3 Nxe4 5. Nc3 Nxc3 6. dxc3 Be7 7. Bd3 Nc6 8.
Be3 Be6 9. Nd4 Nxd4 10. cxd4 b6 11. Qf3 a6 12. d5 Bd7 13. O-O Bf6 14. Rfe1 O-O
15. Rab1 Re8 16. c4 Bg5 17. Qh5 h6 18. Bxg5 Rxe1+ 19. Rxe1 Qxg5 20. Qxg5 hxg5
21. b4 g6 22. f3 Re8 23. Kf2 Rxe1 24. Kxe1 c5 25. dxc6 Bxc6 26. Kf2 d5 27. cxd5
Bxd5 28. Bxa6 Bxa2 29. g3 f5 30. Bd3 Be6 31. Ke3 Kf7 32. f4 gxf4+ 33. Kxf4 Kf6
34. h4 Bd7 35. Bc4 b5 36. Bd5 Be6 37. Bxe6 Kxe6 38. Kg5 Kf7 39. h5 gxh5 40. Kxf5
{Black resigns} 1-0

[Event "Team 45 45 League T88"]
[Site "Internet Chess Club"]
[Date "2021.05.02"]
[Round "4"]
[White "marioseixas1992"]
[Black "clarinetref"]
[Result "0-1"]
[WhiteElo "1305"]
[BlackElo "1464"]
[Opening "Sicilian: dragon, Yugoslav attack"]
[ECO "B75"]
[Time "21:02:54"]
[TimeControl "2700+45"]

1. e4 c5 2. Nf3 d6 3. d4 cxd4 4. Nxd4 Nf6 5. Nc3 g6 6. Be3 Bg7 7. f3 a6 8. Qd2
b5 9. a4 b4 10. Nd5 Nxd5 11. exd5 a5 12. Bb5+ Bd7 13. Nc6 Qc7 14. Bd4 f6 15. g4
Nxc6 16. dxc6 Bxc6 17. g5 e5 18. gxf6 Bxf6 19. Qe3 Bxb5 20. axb5 Qe7 21. Qe4
exd4 22. Qxe7+ Kxe7 23. O-O-O Rhc8 24. Rhe1+ Kd7 25. Re4 b3 26. h4 Rxc2+ 27. Kb1
Rac8 28. Rf4 Be5 29. Rf7+ Ke6 30. Rxh7 d3 31. f4 Rxb2+ 32. Ka1 Ra2+ 33. Kb1 Ra1#
{White checkmated} 0-1

[Event "Team 45 45 League T88"]
[Site "Internet Chess Club"]
[Date "2021.05.02"]
[Round "4"]
[White "fvafier"]
[Black "Signofthetimes"]
[Result "0-1"]
[WhiteElo "1498"]
[BlackElo "1622"]
[Opening "QGD Slav: Breyer variation"]
[ECO "D11"]
[Time "10:01:22"]
[TimeControl "2700+45"]

1. d4 c6 2. Nf3 d5 3. c4 Nf6 4. Nbd2 Bg4 5. e3 e6 6. Bd3 dxc4 7. Nxc4 Bb4+ 8.
Bd2 Bxd2+ 9. Qxd2 Qd5 10. Nce5 Bh5 11. O-O Nbd7 12. Qc2 Nxe5 13. Nxe5 Rd8 14. b3
O-O 15. f3 Bg6 16. Nxg6 hxg6 17. Rfd1 e5 18. dxe5 Qxe5 19. e4 Rd7 20. Rac1 Rfd8
21. Bc4 Qc5+ 22. Kh1 Kf8 23. Rxd7 Rxd7 24. h3 Qd6 25. Qf2 Qd2 26. Qxd2 Rxd2 27.
a4 Nh5 28. Kg1 Nf4 29. Bf1 Ke7 30. g3 Ne6 31. Rb1 Nd4 32. f4 Nf3+ 33. Kh1 Rh2#
{White checkmated} 0-1

[Event "Team 45 45 League T88"]
[Site "Internet Chess Club"]
[Date "2021.05.01"]
[Round "4"]
[White "scostanzo212"]
[Black "dalmata"]
[Result "0-1"]
[WhiteElo "1545"]
[BlackElo "1559"]
[Opening "QGD: exchange, positional line"]
[ECO "D35"]
[Time "12:00:39"]
[TimeControl "2700+45"]

1. d4 d5 2. c4 e6 3. Nc3 Nf6 4. cxd5 exd5 5. Bg5 Be7 6. e3 h6 7. Bf4 O-O 8. Bd3
c6 9. Qc2 Be6 10. Bxb8 Rxb8 11. O-O-O Ng4 12. h3 Nf6 13. f4 c5 14. g4 c4 15. Bf5
Bxf5 16. Qxf5 g6 17. Qc2 b5 18. Nf3 b4 19. Na4 Ne4 20. Ne5 Qd6 21. Nc5 b3 22.
axb3 cxb3 23. Qb1 Nf2 24. Ned7 Nxh1 25. Rxh1 Rfc8 26. Nxb8 Qxb8 27. Kd2 Bxc5 28.
dxc5 Rxc5 29. Rc1 Qb4+ 30. Kd1 d4 31. Rxc5 Qxc5 32. e4 a5 33. Qc1 Qd6 34. Qd2 a4
35. Qd3 Qxf4 36. Qxd4 Qf3+ 37. Kd2 Qxh3 38. Qxa4 Qg2+ 39. Kc3 Qg3+ 40. Kc4 Qxg4
41. Kxb3 Qf3+ 42. Ka2 h5 43. Qe8+ Kg7 44. Qe7 Qf6 45. Qa3 Qe6+ {White resigns}
0-1

[Event "Team 45 45 League T88"]
[Site "Internet Chess Club"]
[Date "2021.04.30"]
[Round "4"]
[White "Denis240964"]
[Black "Kingofknights"]
[Result "0-1"]
[WhiteElo "1461"]
[BlackElo "1530"]
[Opening "Caro-Kann: Steinitz variation"]
[ECO "B17"]
[Time "14:00:14"]
[TimeControl "2700+45"]

1. e4 c6 2. d4 d5 3. Nc3 dxe4 4. Nxe4 Nd7 5. Nf3 Ngf6 6. Ng3 e6 7. c3 c5 8. dxc5
Bxc5 9. Be2 O-O 10. O-O b6 11. Bg5 Qc7 12. Nd4 a6 13. Bf3 Bb7 14. Bxb7 Qxb7 15.
Nf3 h6 16. Bf4 Nd5 17. Bc1 Rfd8 18. Qc2 Rac8 19. Ne4 Be7 20. a3 N7f6 21. Bd2 Qc6
22. Nxf6+ Bxf6 23. Qe4 Nxc3 24. Qxc6 Ne2+ 25. Kh1 Rxc6 26. Rab1 Nd4 27. Ne1 Nb3
28. Be3 Nd2 29. Bxd2 Rxd2 30. b4 b5 31. Rb3 Rc3 32. Rb1 Rxa3 33. Nf3 Rb2 34.
Rxb2 Bxb2 35. Ne1 Rc3 36. Nf3 Rc1 37. Rxc1 Bxc1 38. Nd4 Bd2 39. Nc2 f5 40. Kg1
Kf7 41. Kf1 e5 42. Ke2 Bg5 43. Kd3 Ke6 44. g3 Kd5 45. h4 Be7 46. Kc3 e4 47. h5
Bf6+ 48. Kb3 Ke5 49. Ne1 f4 50. g4 Bh4 51. Nc2 Bxf2 52. Kc3 Bh4 53. Kd2 Be7 54.
Ke2 Kd5 55. Kd2 Kc4 56. Ke2 Bxb4 {White resigns} 0-1

[Event "Team 45 45 League T88"]
[Site "Internet Chess Club"]
[Date "2021.05.03"]
[Round "4"]
[White "tightfist"]
[Black "DaveTheRook"]
[Result "1/2-1/2"]
[WhiteElo "1419"]
[BlackElo "1475"]
[Opening "English opening"]
[ECO "A17"]
[Time "17:01:28"]
[TimeControl "2700+45"]

1. c4 Nf6 2. Nc3 e6 3. Nf3 c5 4. e4 d6 5. e5 dxe5 6. Nxe5 a6 7. Qa4+ Bd7 8. Nxd7
Qxd7 9. Qxd7+ Nbxd7 10. d3 Bd6 11. Ne4 Nxe4 12. dxe4 O-O 13. Be2 h6 14. O-O Nf6
15. f3 Rac8 16. Rd1 Rfd8 17. Be3 b6 18. Rab1 Be5 19. b3 Bd4 20. Kf2 a5 21. Rd3
Bxe3+ 22. Kxe3 Rxd3+ 23. Kxd3 Rd8+ 24. Ke3 e5 25. Rd1 Rxd1 26. Bxd1 Nd7 27. f4
f6 28. Bg4 exf4+ 29. Kxf4 Ne5 30. Be2 Kf7 31. h4 Ke7 {Game drawn by mutual
agreement} 1/2-1/2

[Event "Team 45 45 League T88"]
[Site "Internet Chess Club"]
[Date "2021.04.30"]
[Round "4"]
[White "Portola"]
[Black "ascoli"]
[Result "1-0"]
[WhiteElo "1737"]
[BlackElo "1712"]
[Opening "King's Indian: East Indian defense"]
[ECO "A48"]
[Time "16:00:36"]
[TimeControl "2700+45"]

1. d4 Nf6 2. Nf3 g6 3. c3 Bg7 4. Bf4 O-O 5. h3 d6 6. e3 Nbd7 7. Nbd2 Re8 8. Be2
e5 9. dxe5 dxe5 10. Bh2 c6 11. O-O Nd5 12. Qc2 b5 13. Rfd1 N7b6 14. a3 a5 15. c4
Nc7 16. e4 b4 17. axb4 axb4 18. Rxa8 Ncxa8 19. c5 Nd7 20. Nc4 Qc7 21. Nd6 Rd8
22. Qc4 Rf8 23. Qxb4 Qd8 24. Ra1 Nc7 25. Bc4 Bf6 26. Qa3 Ne6 27. b4 Nd4 28. Nxd4
exd4 29. f4 Be7 30. Nxc8 Qxc8 31. e5 Kg7 32. Qa7 Re8 33. e6 fxe6 34. Bxe6 Rd8
35. f5 {Black resigns} 1-0

[Event "Team 45 45 League T88"]
[Site "Internet Chess Club"]
[Date "2021.05.02"]
[Round "4"]
[White "Constrictor"]
[Black "justice02"]
[Result "1-0"]
[WhiteElo "1532"]
[BlackElo "1692"]
[Opening "Nimzovich-Larsen attack: modern variation"]
[ECO "A01"]
[Time "11:00:45"]
[TimeControl "2700+45"]

1. b3 e5 2. Bb2 d6 3. e3 Nf6 4. c4 Nc6 5. Nf3 h6 6. d4 exd4 7. Nxd4 Ne5 8. Nd2
a6 9. Be2 Be7 10. O-O O-O 11. N2f3 Nxf3+ 12. Bxf3 Rb8 13. Qc2 Bg4 14. Nf5 Bxf3
15. gxf3 Qd7 16. Kh1 Kh8 17. Rg1 Rg8 18. Rg3 g5 19. Rh3 h5 20. Rxh5# {Black
checkmated} 1-0

[Event "Team 45 45 League T88"]
[Site "Internet Chess Club"]
[Date "2021.04.29"]
[Round "4"]
[White "rubo"]
[Black "Gojira"]
[Result "1-0"]
[WhiteElo "1495"]
[BlackElo "1549"]
[Opening "Queen's pawn, Mason variation"]
[ECO "D00"]
[Time "22:03:04"]
[TimeControl "2700+45"]

1. d4 d5 2. Bf4 c6 3. c3 Bf5 4. Qb3 Qb6 5. Nd2 Nf6 6. e3 Nbd7 7. Ngf3 h6 8. h3
e6 9. c4 dxc4 10. Nxc4 Qxb3 11. axb3 Ne4 12. Nfd2 Nxd2 13. Kxd2 Bb4+ 14. Kc1 O-O
15. Bd6 Bxd6 16. Nxd6 b6 17. g4 Bh7 18. Bg2 Nb8 19. Nc4 Nd7 20. Bxc6 Rad8 21.
Rxa7 Nb8 22. Ba4 Rc8 23. Kd2 Be4 24. Rc1 Nc6 25. Bxc6 Rxc6 26. Rc3 Rb8 27. Ne5
Rd6 28. Nxf7 Rd5 29. Rcc7 Rb5 30. Nd6 {Black resigns} 1-0

[Event "Team 45 45 League T88"]
[Site "Internet Chess Club"]
[Date "2021.05.02"]
[Round "4"]
[White "Visin"]
[Black "nosir"]
[Result "1/2-1/2"]
[WhiteElo "1305"]
[BlackElo "1400"]
[Opening "French: exchange variation"]
[ECO "C01"]
[Time "09:00:36"]
[TimeControl "2700+45"]

1. e4 e6 2. d4 d5 3. exd5 exd5 4. Nf3 Bg4 5. Be2 Nf6 6. Nc3 c6 7. a3 Be7 8. O-O
O-O 9. h3 Bxf3 10. Bxf3 Nbd7 11. Ne2 Qc7 12. Bf4 Bd6 13. Bxd6 Qxd6 14. Ng3 Rae8
15. Re1 Rxe1+ 16. Qxe1 Re8 17. Qd2 Nf8 18. c3 Ng6 19. Re1 Rxe1+ 20. Qxe1 Nf4 21.
Nf5 Qe6 22. Qxe6 Nxe6 23. g3 Kf8 24. h4 g6 25. Ne3 h5 26. b3 Ke7 27. Kf1 Ne4 28.
Bxe4 dxe4 29. f3 exf3 30. Kf2 Kd6 31. Kxf3 b5 32. b4 Nc7 33. Ke4 Ke6 34. c4 bxc4
35. Nxc4 Nd5 36. Ne5 Ne7 37. a4 f6 38. Nd3 Nf5 39. Nf4+ Kf7 40. Ne2 Nd6+ 41. Kd3
Ke6 42. Nf4+ Kf5 43. d5 cxd5 44. Nxd5 Ke5 45. Ne7 g5 46. hxg5 fxg5 47. Nc6+ Kd5
48. Nxa7 h4 49. gxh4 gxh4 50. Ke2 Kc4 51. b5 Kc5 52. Nc6 Kb6 53. Kf2 Nxb5 {Game
drawn by mutual agreement} 1/2-1/2

[Event "Team 45 45 League T88"]
[Site "Internet Chess Club"]
[Date "2021.05.03"]
[Round "4"]
[White "primerpaso"]
[Black "fhunfi"]
[Result "1-0"]
[WhiteElo "1851"]
[BlackElo "1757"]
[Opening "English: Bremen, Smyslov system"]
[ECO "A21"]
[Time "09:00:58"]
[TimeControl "2700+45"]

1. c4 e5 2. Nc3 Bb4 3. g3 Nf6 4. Bg2 Nc6 5. Nd5 Be7 6. e3 O-O 7. Ne2 Re8 8. O-O
d6 9. b3 Bd7 10. Bb2 Qc8 11. Re1 Nd8 12. d4 Nc6 13. Rc1 Bd8 14. Qd2 e4 15. Nec3
Bf5 16. a3 Nb8 17. Qc2 Qe6 18. Nf4 Qc8 19. b4 c6 20. b5 g5 21. Nfe2 a6 22. a4
Ba5 23. Red1 Nbd7 24. Ba3 d5 25. cxd5 cxd5 26. Qb3 Qc4 27. Qxc4 dxc4 28. bxa6
bxa6 29. Rb1 Rac8 30. Rb7 Rc7 31. Rb2 Rec8 32. Rdb1 Kg7 33. h3 h6 34. g4 Bg6 35.
Bb4 Bxb4 36. Rxb4 h5 37. gxh5 Bxh5 38. Ng3 Bf3 39. Nf5+ Kf8 40. Nd6 Ra8 41.
Ndxe4 Bxg2 42. Kxg2 Nxe4 43. Nxe4 c3 44. Rc1 Rac8 45. Rb3 c2 46. Rb2 f6 47. Nd6
Rb8 48. Rbxc2 Rxc2 49. Rxc2 Rb4 50. Rc4 Rb6 51. Nf5 Kf7 52. Kf3 Ke6 53. Ng3 f5
54. Ne2 Nf6 55. Nc3 Kd6 56. Rc5 Ke6 57. Re5+ {Black resigns} 1-0

[Event "Team 45 45 League T88"]
[Site "Internet Chess Club"]
[Date "2021.04.29"]
[Round "4"]
[White "QuieroAprender"]
[Black "gduranko"]
[Result "1-0"]
[WhiteElo "1627"]
[BlackElo "1441"]
[Opening "Queen's pawn: London system"]
[ECO "A45"]
[Time "18:00:32"]
[TimeControl "2700+45"]

1. d4 Nf6 2. Bf4 d6 3. Nf3 g6 4. e3 Bg7 5. Bd3 c5 6. c3 Qb6 7. Qb3 Be6 8. dxc5
dxc5 9. Qxb6 axb6 10. O-O O-O 11. a3 c4 12. Be2 b5 13. Nd4 Bd7 14. Bxb8 Raxb8
15. Nd2 e5 16. Nc2 Rfd8 17. Rad1 Bf8 18. Nf3 Bg4 19. h3 Bf5 20. Nb4 Bxb4 21.
axb4 e4 22. Nd4 Bd7 23. Ra1 Ra8 24. f4 Nd5 25. Kf2 f5 26. g4 Kf7 27. Rg1 Ne7 28.
g5 Bc6 29. h4 Ra6 30. h5 Rda8 31. Rad1 Nc8 32. Rh1 Ne7 33. hxg6+ hxg6 34. Rh7+
Ke8 35. Ne6 Rc8 36. Rdh1 Bd5 37. Rh8+ Kf7 38. Nd8+ Rxd8 39. Rxd8 Ra2 40. Rh7+
Ke6 41. Rxe7+ Kxe7 42. Rxd5 Rxb2 43. Rxb5 Rb3 44. Rxb7+ Kd6 45. Rb6+ Kd5 46.
Rxg6 Rxc3 47. Rf6 Rc2 48. Rxf5+ Ke6 49. Rc5 c3 50. f5+ Kd6 51. g6 {Black
resigns} 1-0

[Event "Team 45 45 League T88"]
[Site "Internet Chess Club"]
[Date "2021.05.03"]
[Round "4"]
[White "monkhammer"]
[Black "Portola"]
[Result "0-1"]
[WhiteElo "1529"]
[BlackElo "1745"]
[Opening "French: Rubinstein variation"]
[ECO "C10"]
[Time "17:00:30"]
[TimeControl "2700+45"]

1. e4 e6 2. d4 d5 3. Nc3 dxe4 4. Nxe4 Be7 5. Nf3 Nd7 6. Bd3 Ngf6 7. Ng3 O-O 8.
O-O b6 9. c4 Bb7 10. Bf4 c5 11. dxc5 bxc5 12. Re1 Re8 13. Qc2 Bxf3 14. gxf3 Qb6
15. Rad1 Rad8 16. h4 Nb8 17. h5 Nc6 {White resigns} 0-1

[Event "Team 45 45 League T88"]
[Site "Internet Chess Club"]
[Date "2021.05.01"]
[Round "4"]
[White "Packerfan"]
[Black "MacroPawn"]
[Result "0-1"]
[WhiteElo "1843"]
[BlackElo "1787"]
[Opening "English: symmetrical variation"]
[ECO "A34"]
[Time "10:03:30"]
[TimeControl "2700+45"]

1. c4 c5 2. Nc3 g6 3. g3 Bg7 4. Bg2 Nf6 5. d3 Nc6 6. e4 d6 7. Nge2 h5 8. Bg5 Bg4
9. O-O Qd7 10. Rb1 Bh3 11. Qd2 Nh7 12. Be3 Nd4 13. f4 h4 14. Bxd4 cxd4 15. Nb5
hxg3 16. hxg3 e5 17. Nc7+ Qxc7 18. Bxh3 Nf6 19. Kg2 Qc6 20. f5 O-O-O 21. fxg6+
Rxh3 22. Kxh3 Rh8+ 23. Kg2 Nxe4 24. dxe4 Qxe4+ 25. Kf2 Rh2+ 26. Ke1 Qxb1+ 27.
Qd1 Qxg6 28. Rf3 Qe4 29. Rxf7 Rh1+ 30. Rf1 Bh6 31. Kf2 Be3+ 32. Ke1 Rxf1+ 33.
Kxf1 Qf3+ 34. Ke1 Qf2# {White checkmated} 0-1

[Event "Team 45 45 League T88"]
[Site "Internet Chess Club"]
[Date "2021.05.01"]
[Round "4"]
[White "gera-carp75"]
[Black "DeepPoo"]
[Result "1-0"]
[WhiteElo "1857"]
[BlackElo "1705"]
[Opening "French: Chigorin variation"]
[ECO "C00"]
[Time "10:01:42"]
[TimeControl "2700+45"]

1. e4 e6 2. Qe2 g6 3. d4 Bg7 4. Nf3 Ne7 5. g3 b6 6. Bg2 Bb7 7. O-O d6 8. c4 Nd7
9. Nc3 O-O 10. Be3 a6 11. Rfd1 Re8 12. h3 Kh8 13. Qd2 Nf6 14. e5 Nd7 15. Ng5 Qb8
16. Bxb7 Qxb7 17. exd6 Nf5 18. Nxf7+ Kg8 19. Nh6+ Nxh6 20. Bxh6 cxd6 21. Bxg7
Kxg7 22. Re1 Nf6 23. Qf4 Qd7 24. Rad1 Rf8 25. Ne4 Rad8 26. Ng5 Rde8 27. Qe3 e5
28. dxe5 Rxe5 29. Qxe5 h6 30. Ne6+ Kg8 31. Nxf8 {Black resigns} 1-0

[Event "Team 45 45 League T88"]
[Site "Internet Chess Club"]
[Date "2021.04.29"]
[Round "4"]
[White "Boxermam"]
[Black "evan7284"]
[Result "1/2-1/2"]
[WhiteElo "1710"]
[BlackElo "1682"]
[Opening "Petrov: Cozio (Lasker) attack"]
[ECO "C42"]
[Time "14:00:30"]
[TimeControl "2700+45"]

1. e4 e5 2. Nf3 Nf6 3. Nxe5 d6 4. Nf3 Nxe4 5. Qe2 Qe7 6. d3 Nf6 7. Bg5 Qxe2+ 8.
Bxe2 Be7 9. Nc3 c6 10. O-O O-O 11. Rfe1 Re8 12. Rad1 Bg4 13. Nd4 Bd7 14. Bf3 Na6
15. Rd2 Nc7 16. Rde2 Kf8 17. Ne4 {Game drawn by mutual agreement} 1/2-1/2

[Event "Team 45 45 League T88"]
[Site "Internet Chess Club"]
[Date "2021.05.01"]
[Round "4"]
[White "dabodhi"]
[Black "ivanson"]
[Result "1/2-1/2"]
[WhiteElo "1548"]
[BlackElo "1612"]
[Opening "Two knights defense"]
[ECO "C56"]
[Time "19:09:50"]
[TimeControl "2700+45"]

1. e4 e5 2. Nf3 Nc6 3. Bc4 Nf6 4. d4 exd4 5. O-O Nxe4 6. Re1 d5 7. Bxd5 Qxd5 8.
Nc3 Qh5 9. Nxe4 Be6 10. Bg5 Bd6 11. h4 O-O 12. Nxd6 cxd6 13. Nxd4 Qxd1 14. Raxd1
Nxd4 15. Rxd4 Rac8 16. c3 Bxa2 17. Ra1 Be6 18. Rxa7 b5 19. Rxd6 h6 20. Be7 Rfe8
21. Rb6 Rb8 22. Rxb8 Rxb8 23. f3 Kh7 24. h5 Bd5 25. Bc5 {Game drawn by mutual
agreement} 1/2-1/2

[Event "Team 45 45 League T88"]
[Site "Internet Chess Club"]
[Date "2021.05.02"]
[Round "4"]
[White "kabindra"]
[Black "dabodhi"]
[Result "0-1"]
[WhiteElo "1539"]
[BlackElo "1564"]
[Opening "French: advance, Milner-Barry gambit"]
[ECO "C02"]
[Time "17:13:34"]
[TimeControl "2700+45"]

1. e4 e6 2. d4 d5 3. e5 c5 4. c3 Nc6 5. Nf3 Qb6 6. Bd3 Bd7 7. O-O cxd4 8. cxd4
Nxd4 9. Nbd2 Nc6 10. Nb3 Nge7 11. Be3 Qc7 12. Rc1 Ng6 13. Nc5 Ngxe5 14. Nxe5
Qxe5 15. Nxd7 Kxd7 16. Qa4 Bd6 17. g3 a6 18. Rfe1 Rhc8 19. Bc5 b5 20. Qg4 h5 21.
Qd1 Qxb2 22. Bxd6 Kxd6 23. Qxh5 Ne5 24. Rb1 Qd4 25. Be2 g6 26. Qg5 Rc2 27. Rbd1
Nf3+ 28. Kf1 Nxh2+ 29. Kg2 Qe4+ 30. Kg1 Rxe2 31. Rxe2 Nf3+ 32. Kf1 {White
resigns} 0-1

[Event "Team 45 45 League T88"]
[Site "Internet Chess Club"]
[Date "2021.04.29"]
[Round "4"]
[White "GoIrish"]
[Black "olivermx"]
[Result "1-0"]
[WhiteElo "1395"]
[BlackElo "1227"]
[Opening "Queen's pawn game"]
[ECO "D02"]
[Time "19:35:40"]
[TimeControl "2700+45"]

1. d4 d5 2. Nf3 e6 3. g3 b6 4. Bg2 Bb7 5. O-O Nf6 6. c4 dxc4 7. Qa4+ Nbd7 8. Nc3
a6 9. Qxc4 Bd6 10. Re1 Nd5 11. Nxd5 Bxd5 12. Qd3 h6 13. e4 Bb7 14. d5 e5 15. Nh4
O-O 16. Nf5 Qf6 17. Nxd6 cxd6 18. Be3 b5 19. Rac1 Rac8 20. Bh3 Nc5 21. Bxc5 Rxc5
22. Rxc5 dxc5 23. Qe3 Qd6 24. f4 f6 25. Be6+ Kh8 26. Rf1 Bc8 27. f5 Bxe6 28.
fxe6 Kh7 29. h4 g6 30. Qf3 Kg7 31. g4 Qe7 32. Qa3 Qd6 33. Qf3 Qe7 34. g5 hxg5
35. hxg5 f5 36. Qg2 fxe4 37. Rxf8 Qxf8 38. Qxe4 Qd6 39. Qf3 Qe7 40. Qg2 Qd6 41.
Qh1 e4 42. Qh6+ Kg8 43. Qxg6+ Kh8 44. Qe8+ {Black resigns} 1-0

[Event "Team 45 45 League T88"]
[Site "Internet Chess Club"]
[Date "2021.05.01"]
[Round "4"]
[White "goldeen7"]
[Black "arconia"]
[Result "1-0"]
[WhiteElo "1357"]
[BlackElo "1193"]
[Opening "Sicilian: Taimanov variation"]
[ECO "B46"]
[Time "10:01:13"]
[TimeControl "2700+45"]

1. e4 c5 2. Nf3 Nc6 3. d4 cxd4 4. Nxd4 e6 5. Nc3 a6 6. a3 Nf6 7. Be3 Be7 8. f3
O-O 9. Qd2 h6 10. O-O-O d5 11. exd5 exd5 12. Be2 Na5 13. g4 Nc4 14. Bxc4 dxc4
15. h4 Nh7 16. g5 h5 17. Qe2 Qc7 18. Qg2 g6 19. Qd2 b5 20. Bf4 Qb7 21. Rhe1 b4
22. axb4 Bxb4 23. Re3 Bd7 24. Qe2 Bxc3 25. Rxc3 Bb5 26. Qe4 Qxe4 27. fxe4 Rfe8
28. Re1 Nf8 29. Nxb5 axb5 30. Ra3 Rxa3 31. bxa3 Ne6 32. Bd2 Ra8 33. Bb4 Nd4 34.
Rd1 Nc6 35. Kb2 Nxb4 36. axb4 Rc8 37. Kc3 Ra8 38. Rd5 Rb8 39. Kd4 Kf8 40. Rd7
Ke8 41. Ra7 Rd8+ 42. Kc5 Rd2 43. c3 Rc2 44. Kxb5 Rxc3 45. Rc7 Rc2 46. Rxc4 Rxc4
47. Kxc4 Kd7 48. e5 Kc7 49. Kd5 Kd7 50. b5 Kc7 51. Kc5 Kb7 52. Kd6 Kb6 53. Ke7
Kxb5 54. Kxf7 Kc5 55. Kxg6 {Black resigns} 1-0

[Event "Team 45 45 League T88"]
[Site "Internet Chess Club"]
[Date "2021.04.29"]
[Round "4"]
[White "Fulmar"]
[Black "kabubi"]
[Result "1/2-1/2"]
[WhiteElo "1150"]
[BlackElo "1112"]
[Opening "Ruy Lopez: Anderssen variation"]
[ECO "C77"]
[Time "20:00:44"]
[TimeControl "2700+45"]

1. e4 e5 2. Nf3 Nc6 3. Bb5 a6 4. Ba4 Nf6 5. d3 Be7 6. c3 O-O 7. O-O b5 8. Bc2 d5
9. Nbd2 Re8 10. b3 Be6 11. Bb2 dxe4 12. dxe4 Rf8 13. a4 Bc5 14. b4 Bb6 15. a5
Ba7 16. Qe2 Nh5 17. Rfd1 Nf4 18. Qf1 Bg4 19. h3 Be6 20. Nb3 Qe8 21. Rd2 f5 22.
exf5 Bxf5 23. Bxf5 Rxf5 24. Rd5 Nxd5 25. Re1 e4 26. Nfd4 Bxd4 27. cxd4 Ndxb4 28.
Bc1 Nd3 29. Re2 Nxc1 30. Qxc1 Rf6 31. Qe3 Qg6 32. d5 Ne5 33. f4 Nc4 34. Qd4 Rxf4
35. d6 cxd6 36. Qd5+ Qf7 37. Qxa8+ Qf8 38. Qd5+ Qf7 39. Qa8+ Qf8 40. Qd5+ Qf7
41. Qa8+ Qf8 {Game drawn by repetition} 1/2-1/2

[Event "Team 45 45 League T88"]
[Site "Internet Chess Club"]
[Date "2021.05.02"]
[Round "4"]
[White "MartyJR"]
[Black "RoyalFizzbin"]
[Result "1-0"]
[WhiteElo "1494"]
[BlackElo "1275"]
[Opening "Queen's pawn: London system"]
[ECO "A45"]
[Time "14:00:22"]
[TimeControl "2700+45"]

1. d4 Nf6 2. Bf4 e6 3. e3 c5 4. c3 Nc6 5. Nf3 d5 6. Nbd2 Bd6 7. Ne5 Qc7 8. Ndf3
Nd7 9. Nxf7 Kxf7 10. Ng5+ Ke7 11. Qg4 Nf8 12. Bxd6+ Qxd6 13. Qf3 Kd7 14. Nf7 Qe7
15. Nxh8 Kc7 16. Nf7 Bd7 17. Ne5 Nxe5 18. dxe5 Rd8 19. Be2 Ng6 20. Qg3 Rf8 21.
O-O Rf5 22. f4 Be8 23. Bd3 Rf8 24. Bxg6 Bxg6 25. Qg5 Qd7 26. Rfd1 Rf5 27. Qg3
Qb5 28. e4 dxe4 29. Rd2 c4 30. Qe3 Qa6 31. Qc5+ Qc6 32. Qe7+ {Black resigns} 1-0

[Event "Team 45 45 League T88"]
[Site "Internet Chess Club"]
[Date "2021.05.01"]
[Round "4"]
[White "oldbookseller"]
[Black "WzeroMN"]
[Result "1/2-1/2"]
[WhiteElo "931"]
[BlackElo "1045"]
[Opening "Queen's pawn game"]
[ECO "D05"]
[Time "13:42:05"]
[TimeControl "2700+45"]

1. d4 d5 2. Nf3 e6 3. e3 Nf6 4. Bd3 Be7 5. b3 O-O 6. O-O b6 7. Bb2 Nc6 8. h3 a5
9. c4 Nb4 10. cxd5 Nxd3 11. Qxd3 Qxd5 12. Nbd2 Ba6 13. Nc4 Bxc4 14. bxc4 Qf5 15.
Qe2 c5 16. Rad1 cxd4 17. Bxd4 {Game drawn by mutual agreement} 1/2-1/2